 Dungeon Crawl Stone Soup version 0.18.1-48-g4cf74bf (webtiles) character file.

1525 tevo3000 the Grappler (level 8, -15/67 HPs)
             Began as a Ghoul Monk on Aug 31, 2016.
             Demolished by an ogre
             ... wielding a +0 giant club
              (23 damage)
             ... on level 7 of the Dungeon.
             The game lasted 00:29:04 (5289 turns).

tevo3000 the Grappler (Ghoul Monk)                  Turns: 5289, Time: 00:29:04

Health: -15/67     AC:  8    Str: 14 (16) XL:     8   Next: 84%
Magic:  7/7        EV:  2    Int:  4 (5)  God:
Gold:   448        SH: 12    Dex: 12      Spells: 0 memorised, 7 levels left

rFire  + . .     SeeInvis .       - Unarmed
rCold  + . .     Gourm    .     f - +0 chain mail
rNeg   + + +     Faith    .     i - +0 large shield
rPois  ∞         Spirit   .     (no helmet)
rElec  .         Dismiss  .     (no cloak)
rCorr  .         Reflect  +     (no gloves)
SustAt .         Harm     .     (no boots)
MR     .....                    x - +2 amulet of reflection
Stlth  +.........               y - ring of protection from fire
                                g - ring of stealth

@: rotting, not resistant to hostile enchantments, very unstealthy
A: rotting body, claws 1, carnivore 3, cold resistance 1, negative energy
resistance 3, slow regeneration 1, torment resistance, unbreathing
a: no special abilities


You were on level 7 of the Dungeon.
You were not hungry.

You visited 1 branch of the dungeon, and saw 7 of its levels.
You also visited: Sewer.

You collected 448 gold pieces.

Inventory:

Armour
 f - a +0 chain mail (worn)
 i - a +0 large shield (worn)
Jewellery
 g - a ring of stealth (left claw)
 x - a +2 amulet of reflection (around neck)
 y - a ring of protection from fire (right claw)
 B - an uncursed amulet of faith
Wands
 o - a wand of disintegration (12/24)
 u - a wand of paralysis (6/24)
 z - a wand of paralysis (5/24)
Scrolls
 a - a scroll of blinking
 c - a scroll of immolation {unknown}
 d - 4 scrolls of fear
 e - a scroll of random uselessness
 h - a scroll of recharging
 j - 4 scrolls of identify
 k - 2 scrolls of remove curse
 l - a scroll of enchant armour {unknown}
 m - 2 scrolls of teleportation {unknown}
 n - a scroll of vulnerability {unknown}
 p - a scroll of amnesia {unknown}
 q - 2 scrolls of fog {unknown}
Potions
 r - 4 potions of flight
 s - a potion of brilliance
 w - a potion of magic {unknown}
Books
 A - a book of Debilitation

   Spells                             Type                      Level
   a - Corona                         Hexes                        1
   b - Slow                           Hexes                        2
   c - Gell's Gravitas                Hexes/Translocation          3
   d - Inner Flame                    Hexes/Fire                   3
   e - Cause Fear                     Hexes                        4
   f - Leda's Liquefaction            Hexes/Earth                  4
Comestibles
 b - 5 meat rations


   Skills:
 + Level 4.4 Fighting
 - Level 1.0 Armour
 * Level 4.4 Dodging
 * Level 7.5 Stealth
 - Level 9.2 Unarmed Combat


You had 7 spell levels left.
You didn't know any spells.

Dungeon Overview and Level Annotations

Branches:
Dungeon (7/15)
 Temple: D:4-7

Altars:
Cheibriados
Gozag
Pakellas
Qazlal
Ru
Yredelemnul
Zin
The Shining One

Shops:
D:5 %

Annotations:
D:7 4get's ghost, novice DsGl; Pikel


Innate Abilities, Weirdness & Mutations

Your body is rotting away.
You thrive on raw meat.
You are immune to poison.
You have sharp fingernails.
You are carnivorous and can eat meat at any time.
Your flesh is cold resistant.
You are immune to negative energy.
You regenerate slowly when monsters are visible.
You are immune to unholy pain and torment.
You can survive without breathing.


Message History

An ogre comes into view. It is wielding a giant club.
Found a throwing net, 6 beef jerkies and 3 bread rations.
You see here an elf skeleton.
The ogre shouts!
You see here a human skeleton.
Evoke which item? (* to show all) (? for menu, Esc to quit)
Zapping:
o - a wand of disintegration (will waste charges)
Press: ? - help, Shift-Dir - straight line, f - ogre
Aim: an ogre, wielding a giant club (chance to defeat MR: 65%)
The ogre struggles to resist.
Evoking this partially-identified wand wasted a few charges.
You block the ogre's attack.
Your shield and chain mail prevent you from hitting the ogre. 4get's ghost hits you!
* * * LOW HITPOINT WARNING * * *
You block the ogre's attack.
You scratch the ogre.
The ogre is moderately wounded.
You block 4get's ghost's attack. The ogre hits you with a giant club!!
You die...

. #...##
##..##........## .
#....# ##..........## .
#....# #...........# .
#..#..# #............#
. ##.####.#
#.........##.. .
#....##########...#...#
# #...÷.###%.%#
#..###...#
#..#.#..#(§O# #..#
#.... #...#####..W@#
#..# #... .....# ######
#.<# #.. #......# #...#
.. ........ #.....
..#..... #...#...
.###... #......W..
....>.......
...####....## ...
###..#


You could see an ogre and 4get's ghost.

Vanquished Creatures
  Sigmund (D:6)
  Menkaure (D:4)
  Purgy (Sewer)
  A slave (D:6)
  A sky beast (D:5)
  An ogre (D:4)
  A phantom (D:4)
  A big kobold (D:6)
  Blork the orc (D:4)
  A scorpion (D:4)
  A giant frog zombie (D:5)
  2 hounds (D:4)
  A giant frog skeleton (D:4)
  4 orc priests
  7 orc wizards
  A worker ant (D:6)
  2 hound skeletons (D:4)
  3 gnolls (D:3)
  7 adders
  A shadow imp (D:6)
  An ooze (D:2)
  An adder zombie (D:6)
  A worm (D:2)
  2 dart slugs
  7 giant geckos
  19 orcs
  4 giant cockroaches
  7 hobgoblins
  6 jackals
  3 quokkas
  A ball python (D:3)
  13 bats
  4 giant newts
  11 goblins
  13 kobolds
  6 rats
  A bush (D:6)
139 creatures vanquished.

Vanquished Creatures (others)
  An orc (D:3)
  A fungus (D:5)
2 creatures vanquished.

Grand Total: 141 creatures vanquished

Notes
Turn   | Place    | Note
--------------------------------------------------------------
     0 | D:1      | tevo3000 the Ghoul Monk began the quest for the Orb.
     0 | D:1      | Reached XP level 1. HP: 19/19 MP: 0/0
   120 | D:1      | Reached XP level 2. HP: 26/26 MP: 1/1
   383 | D:1      | Reached skill level 5 in Unarmed Combat
   738 | D:1      | Reached XP level 3. HP: 31/31 MP: 2/2
  1195 | D:2      | Reached skill level 1 in Armour
  1270 | D:2      | Found a glowing golden altar of the Shining One.
  1281 | D:2      | Found a basalt altar of Yredelemnul.
  1283 | D:2      | Noticed a profane servitor
  1301 | D:2      | Reached XP level 4. HP: 37/38 MP: 3/3
  1469 | D:2      | Found an oddly glowing altar of Pakellas.
  1469 | D:2      | Found a glowing silver altar of Zin.
  1477 | D:2      | Found an opulent altar of Gozag.
  1477 | D:2      | Found a snail-covered altar of Cheibriados.
  1477 | D:2      | Found a sacrificial altar of Ru.
  1771 | D:2      | Noticed an angel
  1838 | D:3      | Reached skill level 6 in Unarmed Combat
  1867 | D:3      | Reached XP level 5. HP: 16/45 MP: 4/4
  2641 | D:4      | Reached skill level 7 in Unarmed Combat
  2641 | D:4      | Reached XP level 6. HP: 42/51 MP: 5/5
  2647 | D:4      | Noticed a phantom
  2698 | D:4      | Killed a phantom
  2735 | D:4      | Noticed Menkaure
  2746 | D:4      | Killed Menkaure
  2746 | D:4      | Reached XP level 7. HP: 18/57 MP: 6/6
  2760 | D:4      | Reached skill level 8 in Unarmed Combat
  2885 | D:4      | Noticed Blork the orc
  2894 | D:4      | Killed Blork the orc
  2894 | D:4      | Reached skill level 5 in Stealth
  3160 | D:4      | Reached skill level 9 in Unarmed Combat
  3219 | D:4      | Reached XP level 8. HP: 61/63 MP: 7/7
  3649 | D:5      | Entered Level 5 of the Dungeon
  3653 | D:5      | Found a stormy altar of Qazlal.
  3663 | D:5      | Found Osmolum's Food Emporium.
  3817 | D:5      | Found a glowing drain.
  3846 | Sewer    | Entered a sewer
  3910 | Sewer    | Noticed Purgy
  3921 | Sewer    | Killed Purgy
  4533 | D:5      | You fall through a shaft!
  4664 | D:6      | Noticed Sigmund
  4693 | D:6      | Killed Sigmund
  5195 | D:7      | Noticed Pikel
  5227 | D:7      | Noticed 4get's ghost (novice DsGl)
  5289 | D:7      | Demolished by an ogre

Skill      XL: |  1  2  3  4  5  6  7  8 |
---------------+-------------------------+-----
Unarmed Combat | 5 6 7 9 |  9.2
Armour         | 1 |  1.0
Stealth        | 3 4 5 7 |  7.5
Dodging        | 4 |  4.4
Fighting       | 4 |  4.4

Action                   |  1- 3 |  4- 6 |  7- 9 || total
-------------------------+-------+-------+-------++-------
Melee: Unarmed           |   104 |   141 |   301 ||   546
       Punch             |     1 |       |     2 ||     3
Evoke: Wand              |       |       |     1 ||     1
  Use: Scroll            |       |     5 |     1 ||     6
       Potion            |       |     5 |     7 ||    12
 Stab: Sleeping          |     2 |       |     1 ||     3
       Invisible         |       |    10 |       ||    10
       Fleeing           |       |       |     1 ||     1
  Eat: Chunk             |    21 |    24 |    51 ||    96
       Meat ration       |     1 |     1 |     1 ||     3
Armor: Leather armour    |     1 |       |       ||     1
       Chain mail        |    72 |    46 |   139 ||   257
Dodge: Dodged            |    50 |    43 |    41 ||   134
Block: Large shield      |       |       |    78 ||    78
       Reflection        |       |       |     4 ||     4
